 Dungeon Crawl Stone Soup version 0.25.1-2-g60ff931df9 (webtiles) character file.

Game seed: 5800959486308851298

21 DogServant the Shooter (level 2, -5/25 HPs)
             Began as a Centaur Hunter on Oct 15, 2020.
             Slain by an iron imp (8 damage)
             ... summoned by Natasha
             ... on level 2 of the Dungeon.
             The game lasted 00:01:15 (1327 turns).

DogServant the Shooter (Centaur Hunter)             Turns: 1327, Time: 00:01:15

Health: -5/25      AC:  4    Str: 14    XL:     2   Next: 65%
Magic:  2/2        EV:  9    Int: 10    God:
Gold:   37         SH:  0    Dex:  9    Spells: 1/1 levels left

rFire    . . .     SeeInvis .   a - +1 shortbow
rCold    . . .     Gourm    .   (shield currently unavailable)
rNeg     . . .     Faith    .   c - +0 leather armour
rPois    .         Spirit   .   (no helmet)
rElec    .         Reflect  .   (no cloak)
rCorr    .         Harm     .   (no gloves)
MR       .....                  (no barding)
Stlth    +.........             (no amulet)
HPRegen  0.08/turn              (no ring)
MPRegen  0.08/turn              (no ring)

@: very quick
A: large, hooves 3, deformed body, speed 2, tough skin 3
a: no special abilities


You were on level 2 of the Dungeon.
You were hungry.

You visited 1 branch of the dungeon, and saw 2 of its levels.

You collected 37 gold pieces.

Inventory:

Hand Weapons
 a - a +1 shortbow (weapon)
 b - a +0 short sword
Missiles
 d - 36 arrows (quivered)
 i - 19 bolts
Armour
 c - a +0 leather armour (worn)
Scrolls
 e - a scroll of amnesia {unknown}
 h - a scroll of identify {unknown}
Potions
 g - a potion of curing {unknown}
 j - a potion of magic {unknown}
Comestibles
 f - a ration


   Skills:
 + Level 2.7 Fighting
 + Level 5.8 Bows
 - Level 1.3 Dodging
 - Level 0.4 Stealth


You had one spell level left.
You didn't know any spells.
Your spell library was empty.

Dungeon Overview and Level Annotations

Branches:
Dungeon (2/15)

Altars:
Vehumet
Zin

Shops:
D:2 *

Annotations:
D:2 Natasha


Innate Abilities, Weirdness & Mutations

You have hooves in place of feet.
Armour fits poorly on your strangely shaped body.
You cover ground very quickly.
You have extremely tough skin. (AC +3)


Message History

You shoot an arrow. The arrow closely misses Natasha.
Natasha claws you. The iron imp hits you!
* * * LOW HITPOINT WARNING * * *
The crimson imp barely misses you.
You are too injured to fight recklessly!
You are too injured to fight recklessly!
You are too injured to fight recklessly!
Firing (i - inventory)
d - 38 arrows (quivered)
Press: ? - help, Shift-Dir - straight line, f/p - Natasha
Aim: Natasha (severely wounded)
You shoot an arrow. The arrow closely misses Natasha.
Natasha closely misses you. The iron imp barely misses you.
The crimson imp blinks!
Firing (i - inventory)
d - 37 arrows (quivered)
Press: ? - help, Shift-Dir - straight line, f/p - Natasha
Aim: Natasha (severely wounded)
You shoot an arrow. The arrow barely misses Natasha.
Natasha claws you.
* * * LOW HITPOINT WARNING * * *
The iron imp hits you!
You die...

######### ........#
.#...#..##
###.###..######
.#...#........###
..._....##......##
.#...#..##......(##
###.###.##5...∩.5.###...
.#...#..........@h.(...(
...........(....§####...
#########....#_#..#
#...##⌠##.# #....### .#
#.... ## #.##


You could see an iron imp (summoned), Natasha and a crimson imp (summoned).

Vanquished Creatures
  A dart slug (D:1)
  A leopard gecko (D:1)
  A bat (D:1)
  2 giant cockroaches (D:1)
  4 goblins
  3 hobgoblins
  5 kobolds
17 creatures vanquished.

Notes
Turn   | Place    | Note
-------+----------+-------------------------------------------
     0 | D:1      | DogServant the Centaur Hunter began the quest for the Orb.
     0 | D:1      | Reached XP level 1. HP: 17/17 MP: 1/1
   545 | D:1      | Reached XP level 2. HP: 25/25 MP: 2/2
  1291 | D:2      | Found a radiant altar of Vehumet.
  1308 | D:2      | Found Zin's Purification Station.
  1311 | D:2      | Found a glowing silver altar of Zin.
  1317 | D:2      | Noticed Natasha
  1325 | D:2      | Noticed a crimson imp
  1327 | D:2      | Slain by an iron imp

Illustrated notes

Levels and vault maps discovered:
D:1:      dpeg_arrival_shelter, layout_loops_ring
D:2:      layout_basic, zin_purify, vehumet_crystals, first_ration,
          serial_bayou_pond_b, uniq_natasha

Action                   || total
-------------------------++-------
Melee: Short sword       ||    42
       Kick              ||     7
 Fire: Shortbow          ||    20
Armor: Leather armour    ||    12
Dodge: Dodged            ||    20
